 Dungeon Crawl Stone Soup version 0.21.1-1-g345015f (webtiles) character file.

992 snakesoul the Poker (level 7, -1/56 HPs)
             Began as a Demonspawn Fighter on June 24, 2018.
             Was an Initiate of Yredelemnul.
             Splashed by a jelly's acid (5 damage)
             ... on level 5 of the Dungeon.
             The game lasted 00:06:53 (4239 turns).

snakesoul the Poker (Demonspawn Fighter)            Turns: 4239, Time: 00:06:54

Health: -1/56      AC: 13    Str: 23    XL:     7   Next: 98%
Magic:  7/7        EV:  8    Int: 10    God:    Yredelemnul [......]
Gold:   310        SH: 10    Dex: 12    Spells: 6/6 levels left

rFire    . . .     SeeInvis .   a - +0 trident
rCold    . . .     Gourm    .   c - +0 shield
rNeg     . . .     Faith    .   d - +3 ring mail {rPois}
rPois    +         Spirit   .   (no helmet)
rElec    .         Reflect  .   (no cloak)
rCorr    .         Harm     .   (no gloves)
MR       +....                  e - +1 pair of boots
Stlth    +.........             (no amulet)
HPRegen  0.18/turn              r - ring of flight
MPRegen  0.10/turn              m - ring of protection from magic

@: mighty
A: claws 2, molten scales 2, rot immunity
a: Renounce Religion, Evoke Flight


You were on level 5 of the Dungeon.
You worshipped Yredelemnul.
Yredelemnul was noncommittal.
You were not hungry.

You visited 2 branches of the dungeon, and saw 6 of its levels.

You collected 310 gold pieces.

Inventory:

Hand Weapons
 a - a +0 trident (weapon)
Armour
 c - a +0 shield (worn)
 d - a +3 ring mail of poison resistance (worn)
 e - a +1 pair of boots (worn)
Jewellery
 b - an uncursed ring of positive energy {unknown}
 m - a ring of protection from magic (right claw)
 r - a ring of flight (left claw)
Wands
 t - a wand of enslavement (16)
Scrolls
 g - 7 scrolls of identify
 i - 3 scrolls of remove curse {unknown}
 j - a scroll of magic mapping {unknown}
 k - 2 scrolls of teleportation {unknown}
 l - a scroll of fog {unknown}
 o - 2 scrolls of immolation {unknown}
 s - a scroll of fear {unknown}
 v - 2 scrolls of enchant weapon {unknown}
 w - 2 scrolls of amnesia {unknown}
 x - a scroll of noise {unknown}
 y - a scroll of enchant armour {unknown}
 B - a scroll of blinking {unknown}
Potions
 h - 3 potions of degeneration {unknown}
 n - 2 potions of lignification {unknown}
 p - 2 potions of mutation {unknown}
 u - a potion of curing {unknown}
 z - 4 potions of agility {unknown}
 A - a potion of berserk rage {unknown}
 C - 2 potions of heal wounds {unknown}
 D - a potion of brilliance {unknown}
 E - a potion of invisibility {unknown}
Comestibles
 f - 12 rations
 q - 8 chunks of flesh


   Skills:
 + Level 5.4 Fighting
 * Level 6.1 Polearms
 - Level 2.6 Armour
 + Level 5.0 Shields


You had 6 spell levels left.
You didn't know any spells.

Dungeon Overview and Level Annotations

Branches:
Dungeon (5/15)             Temple (1/1) D:5

Altars:
Ashenzari
Cheibriados
Dithmenos
Elyvilon
Fedhas
Kikubaaqudgha
Makhleb
Nemelex Xobeh
Okawaru
Qazlal
Trog
Wu Jian
Yredelemnul
Zin
The Shining One


Innate Abilities, Weirdness & Mutations

You have very sharp fingernails.
You are mostly covered in molten scales. (AC +3)
You are immune to rotting.


Message History

The ice beast is severely wounded.
The ice beast closely misses you. The jelly hits you but does no damage.
The ice beast hits you.
* * * LOW HITPOINT WARNING * * *
The ice beast freezes you!
* * * LOW HITPOINT WARNING * * *
You barely miss the ice beast.
The ice beast is severely wounded.
You block the jelly's attack. You block the ice beast's attack.
Unknown command.
You puncture the ice beast!
You kill the ice beast!
Yredelemnul accepts your kill.
Your Polearms skill increases to level 6!
Your Shields skill increases to level 5!
You hear the rusting of a distant drain.
The jelly hits you but does no damage.
You hit the jelly.
Your claws burn!
You die...
Your body rises from the dead as a mindless zombie.

#.#.###.....#.#
..#.# #.....#.#
###.# #.....#.#
# #.# #.....#.#
# #.# #.......#
###.#
#.......#####
....#
#......>....#
#####
#...........#
#.........@.#
######....J.#
...........
#.......$.....
#..............#
#............/.#
#####..........#
#..........#


You could see a jelly.

Vanquished Creatures
  Duvessa (D:4)
  An ice beast (D:5)
  3 ogres (D:4)
  Dowan (D:4)
  A howler monkey (D:4)
  2 orc priests (D:5)
  3 orc wizards
  2 worker ants
  Natasha (thrice) (D:4)
  5 adders
  2 oozes (D:1)
  5 worms
  5 dart slugs
  5 leopard geckos
  11 orcs
  4 giant cockroaches
  5 goblins
  5 hobgoblins
  8 jackals
  6 kobolds
  5 quokkas
  6 bats
  4 frilled lizards
  A quokka skeleton (D:4)
  6 rats
100 creatures vanquished.

Notes
Turn   | Place    | Note
-------+----------+-------------------------------------------
     0 | D:1      | snakesoul the Demonspawn Fighter began the quest for the Orb.
     0 | D:1      | Reached XP level 1. HP: 18/18 MP: 1/1
    52 | D:1      | Reached skill level 2 in Polearms
   179 | D:1      | Gained mutation: You are partially covered in molten scales. (AC +2) [demonic ancestry]
   179 | D:1      | Reached XP level 2. HP: 24/24 MP: 2/2
   494 | D:1      | Reached XP level 3. HP: 29/29 MP: 3/3
  1009 | D:2      | Reached skill level 3 in Polearms
  1128 | D:2      | Gained mutation: You are mostly covered in molten scales. (AC +3) [demonic ancestry]
  1128 | D:2      | Reached XP level 4. HP: 35/35 MP: 4/4
  1992 | D:3      | Gained mutation: You are immune to rotting. [demonic ancestry]
  1992 | D:3      | Reached XP level 5. HP: 23/42 MP: 5/5
  2376 | D:4      | Noticed an ogre
  2385 | D:4      | Killed an ogre
  2385 | D:4      | Reached skill level 4 in Polearms
  2385 | D:4      | Gained mutation: You have sharp fingernails. [demonic ancestry]
  2385 | D:4      | Reached XP level 6. HP: 41/48 MP: 6/6
  2936 | D:4      | Noticed Natasha
  2951 | D:4      | Killed Natasha
  2951 | D:4      | Reached skill level 5 in Polearms
  2982 | D:4      | Noticed Natasha
  2992 | D:4      | Killed Natasha
  2992 | D:4      | Gained mutation: You have very sharp fingernails. [demonic ancestry]
  2992 | D:4      | Reached XP level 7. HP: 40/55 MP: 7/7
  2997 | D:4      | Noticed Natasha
  3016 | D:4      | Killed Natasha
  3176 | D:4      | Noticed Dowan
  3177 | D:4      | Noticed Duvessa
  3190 | D:4      | Killed Duvessa
  3195 | D:4      | Killed Dowan
  3195 | D:4      | Reached skill level 5 in Fighting
  3743 | D:4      | Found an ornate altar of the Wu Jian Council.
  3770 | D:4      | Found a glowing golden altar of the Shining One.
  3771 | D:4      | Found an iron altar of Okawaru.
  3777 | D:4      | Found a burning altar of Makhleb.
  3777 | D:4      | Found an ancient bone altar of Kikubaaqudgha.
  3777 | D:4      | Found a glowing silver altar of Zin.
  3779 | D:4      | Found a stormy altar of Qazlal.
  3781 | D:4      | Found a white marble altar of Elyvilon.
  3941 | D:5      | Entered Level 5 of the Dungeon
  4134 | D:5      | Found a staircase to the Ecumenical Temple.
  4161 | Temple   | Entered the Ecumenical Temple
  4169 | Temple   | Became a worshipper of Yredelemnul the Dark
  4238 | D:5      | Reached skill level 6 in Polearms
  4238 | D:5      | Reached skill level 5 in Shields
  4239 | D:5      | Splashed by a jelly's acid

Skill      XL: |  1  2  3  4  5  6  7 |
---------------+----------------------+-----
Polearms       | 2 3 4 5 6 |  6.1
Shields        | 3 4 5 |  5.0
Fighting       | 4 5 |  5.4
Armour         | |  2.6

Action                   |  1- 3 |  4- 6 |  7- 9 || total
-------------------------+-------+-------+-------++-------
Melee: Trident           |   117 |   209 |   133 ||   459
  Use: Scroll            |       |     1 |     1 ||     2
       Potion            |       |       |     2 ||     2
  Eat: Chunk             |     1 |     6 |     4 ||    11
Armor: Scale mail        |    49 |    37 |       ||    86
       Ring mail         |       |    39 |    51 ||    90
Dodge: Dodged            |    22 |    70 |    37 ||   129
Block: Shield            |    39 |    86 |    50 ||   175
